 Dungeon Crawl Stone Soup version 0.19.1 (webtiles) character file.

462 esteth the Conjurer (level 6, -1/32 HPs)
             Began as a Deep Elf Conjurer on Dec 14, 2016.
             Killed by divine providence
             ... invoked by an orc priest
              (12 damage)
             ... on level 4 of the Dungeon.
             The game lasted 00:10:05 (3753 turns).

esteth the Conjurer (Deep Elf Conjurer)             Turns: 3753, Time: 00:10:06

Health: -1/32      AC:  4    Str:  5    XL:     6   Next: 79%
Magic:  2/17       EV: 13    Int: 22    God:
Gold:   261        SH:  0    Dex: 15    Spells: 3 memorised, 7 levels left

rFire  . . .     SeeInvis .     m - +1 dagger (holy)
rCold  + . .     Gourm    .     q - +2 robe {rF+}
rNeg   . . .     Faith    .     (no shield)
rPois  .         Spirit   .     (no helmet)
rElec  .         Reflect  .     (no cloak)
rCorr  +         Harm     .     (no gloves)
MR     .....                    (no boots)
Stlth  ++........               g - amulet of regeneration
                                l - ring of resist corrosion
                                e - ring of ice

@: no status effects
A: no striking features
a: no special abilities


You were on level 4 of the Dungeon.
You were not hungry.

You visited 1 branch of the dungeon, and saw 4 of its levels.

You collected 261 gold pieces.

Inventory:

Hand Weapons
 m - a +1 dagger of holy wrath (weapon)
Armour
 a - a +2 robe
 q - a +2 robe of fire resistance (worn)
Jewellery
 e - a ring of ice (left hand)
 g - an amulet of regeneration (around neck)
 l - a ring of resist corrosion (right hand)
Scrolls
 f - 4 scrolls of enchant armour
 k - 3 scrolls of identify
 p - a scroll of remove curse
 r - a scroll of teleportation {unknown}
 s - a scroll of blinking {unknown}
Potions
 d - 3 potions of curing {unknown}
 h - 2 potions of magic {unknown}
 i - a potion of haste {unknown}
 j - a potion of agility {unknown}
Books
 b - a book of Conjurations

   Spells                             Type                      Level
   a - Magic Dart                     Conjuration                  1
   b - Searing Ray                    Conjuration                  2
   c - Dazzling Spray                 Conjuration/Hexes            3
   d - Fulminant Prism                Conjuration/Hexes            4
   e - Iskenderun's Mystic Blast      Conjuration                  4
   f - Iskenderun's Battlesphere      Conjuration/Charms           5
 t - a book of Changes

   Spells                             Type                      Level
   a - Beastly Appendage              Transmutation                1
   b - Sticks to Snakes               Transmutation                2
   c - Spider Form                    Transmutation/Poison         3
   d - Ice Form                       Ice/Transmutation            4
   e - Blade Hands                    Transmutation                5
Comestibles
 c - 2 bread rations
 n - a slice of pizza
 o - 2 meat rations


   Skills:
 - Level 2.4 Dodging
 - Level 2.5 Stealth
 + Level 6.0 Spellcasting
 + Level 6.7 Conjurations
 * Level 4.8 Charms


You had 7 spell levels left.
You knew the following spells:

 Your Spells              Type           Power        Failure   Level  Hunger
a - Magic Dart            Conj           ####         1%          1    None
b - Iskenderun's Mystic   Conj           #####...     8%          4    ###....
c - Iskenderun's Battles  Conj/Chrm      ####....     28%         5    #####..


Dungeon Overview and Level Annotations

Branches:
Dungeon (4/15)
 Temple: D:4-7

Altars:
Nemelex Xobeh

Shops:
D:4 (

Annotations:
D:4 exclusion: phantom


Message History

Aim: an orc, wielding a flail and wearing a leather armour The magic dart hits the orc.
The orc is heavily wounded.
Your battlesphere fires!
The barrage of energy hits the orc.
You kill the orc!
Your battlesphere expends the last of its energy and dissipates.
Casting: Magic Dart
Confirm with . or Enter, or press ? or * to list all spells.
Aiming: Magic Dart
Press: ? - help, Shift-Dir - straight line, f - orc
Aim: an orc The magic dart hits the orc.
You kill the orc!
Casting: Magic Dart
Confirm with . or Enter, or press ? or * to list all spells.
You conjure a globe of magical energy.
The orc priest calls down the wrath of Beogh upon you.
Beogh smites you!
You die...

#.............#..#.
#.............##.#.
#.###.##.....8.8.8...#.##
#......#......⌠.⌠....'..'
#......#.....8.∩.8..[#..#
....o#......⌠.⌠....#..#
....#.....8.8.8...#..#
#h.#.....####....####
##..#@................
#..oh........)........
#...#..*..............
#...#...............[.
#...#.................
#...#.................
###+#.................
....#+######+###### ....#


You could see an orc priest, a jackal and a friendly battlesphere.

Vanquished Creatures
  3 wights (D:4)
  2 howler monkeys (D:4)
  An orc priest (D:4)
  A jelly (D:3)
  2 orc wizards (D:4)
  Terence (D:2)
  5 adders
  An ooze (D:3)
  A worm (D:2)
  A dart slug (D:3)
  5 orcs
  3 giant cockroaches
  4 goblins
  11 hobgoblins
  5 jackals
  3 quokkas (D:3)
  5 bats
  4 frilled lizards (D:1)
  3 kobolds
  7 rats
68 creatures vanquished.

Notes
Turn   | Place    | Note
-------+----------+-------------------------------------------
     0 | D:1      | esteth the Deep Elf Conjurer began the quest for the Orb.
     0 | D:1      | Reached XP level 1. HP: 10/10 MP: 6/6
   221 | D:1      | Reached XP level 2. HP: 15/15 MP: 4/8
   448 | D:1      | Reached skill level 5 in Conjurations
   608 | D:1      | Reached XP level 3. HP: 19/19 MP: 5/9
  1765 | D:2      | Noticed Terence
  1775 | D:2      | Killed Terence
  1775 | D:2      | Reached XP level 4. HP: 18/24 MP: 1/12
  2012 | D:2      | Found a sparkling altar of Nemelex Xobeh.
  2615 | D:3      | Learned a level 4 spell: Iskenderun's Mystic Blast
  2989 | D:4      | Reached XP level 5. HP: 28/28 MP: 10/14
  2996 | D:4      | Learned a level 5 spell: Iskenderun's Battlesphere
  3044 | D:4      | Noticed a phantom
  3067 | D:4      | Found Fonakoiq's Weapon Boutique.
  3075 | D:4      | Reached skill level 5 in Spellcasting
  3307 | D:4      | Reached XP level 6. HP: 32/32 MP: 12/16
  3753 | D:4      | Killed from afar by an orc priest

Skill      XL: |  1  2  3  4  5  6 |
---------------+-------------------+-----
Conjurations   | 5 6 |  6.7
Spellcasting   | 4 5 6 |  6.0
Charms         | 3 4 |  4.8
Dodging        | |  2.4
Stealth        | |  2.5

Action                   |  1- 3 |  4- 6 || total
-------------------------+-------+-------++-------
Melee: Dagger            |     7 |       ||     7
 Cast: Magic Dart        |    82 |    63 ||   145
       Iskenderun's Myst |       |    10 ||    10
       Iskenderun's Batt |       |     3 ||     3
  Use: Scroll            |     4 |     3 ||     7
  Eat: Bread ration      |     1 |     1 ||     2
       Meat ration       |       |     1 ||     1
Armor: Robe              |     6 |       ||     6
Dodge: Dodged            |    26 |     3 ||    29
